 Dungeon Crawl Stone Soup version 0.31.0-32-g396128a36d (webtiles) character file.

Game seed: 374118292076429267

279 bearlyready the Changeling (level 6, -1/38 HPs)
             Began as an Octopode Shapeshifter on Mar 17, 2024.
             Was an Initiate of Gozag.
             Splashed by a jelly's acid (8 damage)
             ... on level 3 of the Dungeon.
             The game lasted 00:06:43 (2805 turns).

bearlyready the Changeling (Octopode Shapeshifter)  Turns: 2805, Time: 00:06:43

Health: -1/38      AC: -3    Str: 15    XL:     6   Next: 26%
Magic:  6/6        EV: 13    Int: 13    God:    Gozag
Gold:   115        SH:  0    Dex: 11    Spells: 5/5 levels left

rFire   . . .        f - +2 dagger (venom)
rCold   . . .        (no shield)
rNeg    . . .        (helmet currently unavailable)
rPois   .            o - amulet of magic regeneration
rElec   .            (no ring)
rCorr   .            (no ring)
SInv    .            (no ring)
Will    .....        (no ring)
Stlth   ++           (no ring)
HPRegen 0.26/turn    (no ring)
MPRegen 0.50/turn    (no ring)
                     (no ring)

%: no passive effects
@: beast-form, corroded
A: beast (slay +3), almost no armour, amphibious, 8 rings, camouflage 1,
gelatinous body 1, (nimble swimmer 1), tentacles
a: Begin Untransformation, Renounce Religion, Potion Petition, Call Merchant,
Bribe Branch


You were on level 3 of the Dungeon.
You worshipped Gozag.
Gozag was aware of your devotion.
You were a hulking beast.
You visited 2 branches of the dungeon, and saw 5 of its levels.

You collected 157 gold pieces.
You paid 42 gold pieces to Gozag.

Inventory:

Hand Weapons
 f - a +2 dagger of venom (weapon)
 t - the +7 lajatang of Order {silver, rMut}
   (You found it on level 3 of the Dungeon)

   rMut:      It protects you from mutation.
Missiles
 d - 41 stones (quivered)
 j - 5 javelins
 q - 6 boomerangs
Jewellery
 o - an amulet of magic regeneration (around mantle)
 v - a ring of ice
Talismans
 b - a beast talisman
 c - a flux talisman
 x - a beast talisman
Scrolls
 g - 3 scrolls of teleportation {unknown}
 h - a scroll of identify {unknown}
 i - a scroll of fog {unknown}
 p - a scroll of vulnerability {unknown}
 s - a scroll of immolation {unknown}
 u - a scroll of noise {unknown}
 w - a scroll of revelation {unknown}
Potions
 a - a potion of lignification
 e - 2 potions of degeneration {unknown}
 k - a potion of attraction {unknown}
 l - 2 potions of cancellation {unknown}
 m - a potion of enlightenment {unknown}
 n - a potion of haste {unknown}
 r - a potion of heal wounds {unknown}


   Skills:
 - Level 1.0 Fighting
 - Level 2.4 Dodging
 + Level 3.7 Unarmed Combat
 + Level 5.8 Shapeshifting


You had 5 spell levels left.
You didn't know any spells.
Your spell library contained the following spells:

 Spells                   Type           Power      Damage    Failure   Level
 Fugue of the Fallen      Necr           0%         N/A       67%         3
 Ozocubu's Armour         Ice            0%         N/A       67%         3
 Manifold Assault         Tloc           0%         N/A       97%         4


Dungeon Overview and Level Annotations

Branches:
Dungeon (4/15)             Temple (1/1) D:4

Altars:
Ashenzari
Fedhas
Gozag
Hepliaklqana
Kikubaaqudgha
Makhleb
Qazlal
Ru
Sif Muna
Trog
Uskayaw
Vehumet
Wu Jian
Xom
Yredelemnul
Zin

Annotations:
D:2 1 runed translucent door, Crazy Yiuf


Innate Abilities, Weirdness & Mutations

You are a hulking beast.
Your limbs bulge with bestial killing power. (Slay +3)
You cannot wear most types of armour.
You are amphibious.
You can wear up to eight rings at the same time.
Your skin changes colour to match your surroundings (Stealth+).
Your rubbery body absorbs attacks. (AC +1, EV +1)
((You are camouflaged when in or above water. (Stealth+)))
You have tentacles for arms and can constrict up to eight enemies at once.


Message History

You hit the adder.
The adder is poisoned.
Your grab misses the adder. Your squeeze misses the adder.
The adder is heavily wounded.
You feel sick.
The gnoll bouda gazes fiercely through you!
You feel your attacks grow feeble.
A gnoll comes into view. It is wielding a +0 club.
The adder completely misses you.
You hear a shout!
You feel sick.
The gnoll shouts!
You hear a shout!
A gnoll comes into view. It is wielding a +0 club.
You feel sick.
You kill the adder!
Your attacks no longer feel as feeble.
You feel sick.
You are no longer poisoned.
The gnoll is distracted by your dazzling golden aura.
The jelly attacks as it pursues you! The jelly hits you.
You are splashed with acid.
The gnoll is distracted by your dazzling golden aura.
There is a stone staircase leading up here.
The jelly hits you. The acid corrodes you!
You are splashed with acid!
You climb upwards.
There is a stone staircase leading down here.
You hit the jelly.
Your tentacles burn!
The jelly is moderately wounded.
The jelly barely misses you.
You hit the jelly but do no damage.
Your tentacles burn!
The jelly is moderately wounded.
The jelly misses you.
You hit the jelly.
Your tentacles burn!
* * * LOW HITPOINT WARNING * * *
You squeeze the jelly, but do no damage.
The jelly is heavily wounded.
The jelly hits you.
* * * LOW HITPOINT WARNING * * *
You are splashed with acid!
You die...
Your body crumbles into a pile of gold.

#..........####.# ##.#.
#.#.##..#..# #.###.#.#
#.#.##..#.<# ##.##.#.##
#.#.##..#..###.##.#.##.
#.............##.#.##.#
#.#.##..#.##.##.#.##.#.
#.#.##.##.####)#.##.#.#
#.#.##.##.###.#.##.#.##
#.#.##h...##.#.##†#.##.
#.#.##J##..##.#.##)#...
#.#.........##.#.##.#.#
#..........#.##.#.##.#.
#.............##.#.##.#
####.#####..÷.###.#.###
#.# #....#.##.#.#. #.#
#.......##.#.# #.#
#........##.#.


You could see a jelly.

Vanquished Creatures
  A howler monkey (D:4)
  A bombardier beetle (D:4)
  Jessica (D:2)
  6 adders
  2 shadow imps (D:4)
  A white imp (D:4)
  2 ufetubi (D:4)
  A dart slug (D:2)
  A ribbon worm (D:2)
  An orc (D:3)
  10 bats
  7 endoplasms
  2 giant cockroaches
  9 hobgoblins
  8 jackals
  6 kobolds
  3 quokkas
  7 ball pythons
  4 frilled lizards
  6 goblins
  5 rats
84 creatures vanquished.

Notes
Turn   | Place    | Note
-------+----------+-------------------------------------------
     0 | D:1      | bearlyready the Octopode Shapeshifter began the quest for
                  | the Orb.
     0 | D:1      | Reached XP level 1. HP: 13/13 MP: 1/1
   185 | D:1      | Reached XP level 2. HP: 18/18 MP: 2/2
   494 | D:1      | Reached XP level 3. HP: 23/23 MP: 3/3
   980 | D:2      | Reached skill level 4 in Shapeshifting
   980 | D:2      | Reached XP level 4. HP: 28/28 MP: 4/4
  1138 | D:2      | Noticed Jessica
  1145 | D:2      | Killed Jessica
  1241 | D:2      | Reached XP level 5. HP: 33/33 MP: 5/5
  1337 | D:2      | Reached skill level 5 in Shapeshifting
  1404 | D:2      | Found a runed translucent door.
  1405 | D:2      | Noticed Crazy Yiuf
  1603 | D:3      | Found the +7 lajatang of Order {silver, rMut}
  2063 | D:3      | Found a hide-covered altar of Uskayaw.
  2547 | D:4      | Found a staircase to the Ecumenical Temple.
  2611 | Temple   | Entered the Ecumenical Temple
  2633 | Temple   | Became a worshipper of Gozag Ym Sagoz the Greedy
  2680 | D:4      | Reached XP level 6. HP: 31/38 MP: 6/6
  2805 | D:3      | Splashed by a jelly's acid

Illustrated notes

Levels and vault maps discovered:
D:1:      dpeg_arrival_three_same_balls, layout_loops_ring,
          roderic_serpentine_path
D:2:      layout_basic, serial_corexii_hall, corexii_hall_statues_x,
          corexii_hall_statues_x, uniq_jessica, uniq_crazy_yiuf_cottage
D:3:      minmay_inner_zag, layout_loops_ring, mainiacjoe_overflow_chevrons,
          corexii_hall_statues_l
D:4:      layout_loops_corners, minitemple, minmay_temple_entry_gardened_gates,
          serial_shops, nicolae_shop_real_fake_doors, serial_demonic,
          serial_demonic_d, serial_demonic_g, serial_demonic_f,
          serial_demonic_f, serial_demonic_e, serial_demonic_e,
          chequers_serial_rivers_small_3, uniq_grinder, uniq_ijyb
Temple:   eino_wide_crystal_templ

Skill      XL: |  1  2  3  4  5 |
---------------+----------------+-----
Shapeshifting  | 4 5 |  5.8
Fighting       | |  1.0
Dodging        | |  2.4
Unarmed Combat | |  3.7

Action                     |  1- 3 |  4- 6 || total
---------------------------+-------+-------++-------
  Melee: Unarmed           |    20 |       ||    20
         Constrict         |    18 |    19 ||    37
         Tentacles         |     9 |    15 ||    24
         Dagger            |    46 |    82 ||   128
         Punch             |     2 |     4 ||     6
   Stab: Sleeping          |     8 |     4 ||    12
 Armour: Skin              |    22 |    28 ||    50
  Dodge: Dodged            |    42 |    56 ||    98
